 Dungeon Crawl Stone Soup version 0.21.1-1-g345015f (webtiles) character file.

148 mrmercer the Skirmisher (level 5, 0/46 HPs)
             Began as a Draconian Berserker on July 2, 2018.
             Was a Believer of Trog.
             Slain by a gnoll
             ... wielding a cursed +0 spear
              (10 damage)
             ... on level 3 of the Dungeon.
             The game lasted 00:15:08 (2040 turns).

mrmercer the Skirmisher (Draconian Berserker)       Turns: 2040, Time: 00:15:09

Health: 0/46       AC:  6    Str: 21    XL:     5   Next: 8%
Magic:  5/5        EV: 13    Int: 12    God:    Trog [**....]
Gold:   103        SH:  0    Dex: 10    Spells: 4/4 levels left

rFire    . . .     SeeInvis .   e - +2 whip (flame)
rCold    . . .     Gourm    .   (no shield)
rNeg     . . .     Faith    .   (armour unavailable)
rPois    .         Spirit   .   (helmet restricted)
rElec    .         Reflect  .   m - +0 cloak
rCorr    .         Harm     .   (no gloves)
MR       .....                  (no boots)
Stlth    ++........             (no amulet)
HPRegen  0.15/turn              l - ring of stealth
MPRegen  0.09/turn              c - +5 ring of intelligence

@: no status effects
A: unfitting armour, cold-blooded, AC +5
a: Berserk, Trog's Hand, Burn Spellbooks, Renounce Religion


You were on level 3 of the Dungeon.
You worshipped Trog.
Trog was pleased with you.
You were not hungry.

You visited 1 branch of the dungeon, and saw 3 of its levels.

You collected 103 gold pieces.

Inventory:

Hand Weapons
 a - a +0 falchion
 d - a +1 hunting sling of flaming
 e - a +2 whip of flaming (weapon)
 n - a -3 long sword
Armour
 i - a +0 cloak
 m - a +0 cloak (worn)
Jewellery
 c - a +5 ring of intelligence (right hand)
 j - an uncursed ring of flight
 l - a ring of stealth (left hand)
Scrolls
 h - a scroll of fog {unknown}
 k - 2 scrolls of identify
 o - a scroll of noise {unknown}
Potions
 f - a potion of flight {unknown}
Comestibles
 b - 6 rations


   Skills:
 + Level 4.2 Fighting
 + Level 3.7 Long Blades
 + Level 2.0 Maces & Flails
 + Level 3.5 Dodging
 + Level 1.0 Stealth


You had 4 spell levels left.
You didn't know any spells.

Dungeon Overview and Level Annotations

Branches:
Dungeon (3/15)

Altars:

Annotations:
D:2 Natasha


Innate Abilities, Weirdness & Mutations

Your plain brown scales are hard. (AC +5)
You cannot fit into any form of body armour.
You are cold-blooded and may be slowed by cold attacks.


Message History

The gnoll closely misses you.
You hit the leopard gecko but do no damage.
The adder bites you.
The leopard gecko bites you but does no damage.
The goblin closely misses you. The gnoll hits you with a whip.
* * * LOW HITPOINT WARNING * * *
The gnoll hits you but does no damage.
You miss the leopard gecko. The adder barely misses you.
The leopard gecko bites you.
* * * LOW HITPOINT WARNING * * *
The goblin hits you but does no damage. The gnoll barely misses you.
The adder closely misses you.
The leopard gecko bites you but does no damage.
The gnoll hits you but does no damage.
You hit the leopard gecko but do no damage.
The goblin misses you. The adder barely misses you.
The leopard gecko bites you but does no damage.
The gnoll misses you.
The gnoll hits you from afar with a spear!
You die...

#..#..
#..#.###
#......#
#....#.#
#<...#.# #
#....#.#.# #
#......#.#.#
#.#.#..g...#
#<..#.@lg.##
#####S#g.##
...#g...#
#####....#
....# ....#
....# ....#


You could see 3 gnolls, an adder, a leopard gecko and a goblin.

Vanquished Creatures
  Natasha (D:2)
  A gnoll (D:3)
  6 adders (D:2)
  3 worms (D:2)
  A dart slug (D:1)
  2 leopard geckos (D:1)
  6 bats
  A giant cockroach (D:1)
  11 goblins
  8 hobgoblins
  2 jackals (D:1)
  A kobold (D:2)
  A quokka (D:2)
  A frilled lizard (D:2)
  4 rats
49 creatures vanquished.

Notes
Turn   | Place    | Note
-------+----------+-------------------------------------------
     0 | D:1      | mrmercer the Draconian Berserker began the quest for the Orb.
     0 | D:1      | Reached XP level 1. HP: 19/19 MP: 1/1
   124 | D:1      | Reached XP level 2. HP: 22/26 MP: 2/2
   406 | D:1      | Reached ** piety under Trog
   406 | D:1      | Reached XP level 3. HP: 24/33 MP: 3/3
  1134 | D:2      | Reached skill level 4 in Fighting
  1157 | D:2      | Reached XP level 4. HP: 23/40 MP: 4/4
  1225 | D:2      | Reached skill level 1 in Maces & Flails
  1316 | D:2      | Noticed Natasha
  1335 | D:2      | Killed Natasha
  1551 | D:2      | Noticed Natasha
  1804 | D:2      | Reached XP level 5. HP: 46/46 MP: 5/5
  2033 | D:3      | Reached skill level 1 in Stealth
  2040 | D:3      | Slain by a gnoll

Skill      XL: |  1  2  3  4  5 |
---------------+----------------+-----
Dodging        | 3 |  3.5
Fighting       | 4 |  4.2
Maces & Flails | 1 2 |  2.0
Stealth        | 1 |  1.0
Long Blades    | |  3.7

Action                   |  1- 3 |  4- 6 || total
-------------------------+-------+-------++-------
Melee: Falchion          |    27 |       ||    27
       Tailslap          |    11 |     8 ||    19
       Whip              |    70 |    63 ||   133
  Use: Scroll            |     7 |     1 ||     8
 Stab: Sleeping          |     3 |     1 ||     4
  Eat: Ration            |     1 |       ||     1
Armor: Skin              |    29 |    19 ||    48
Dodge: Dodged            |    80 |    58 ||   138
       Rpst.: Falchion   |     6 |       ||     6
